 Dungeon Crawl Stone Soup version 0.21.0-24-g2553a33 (webtiles) character file.

4716 ryw the Archer (level 10, -1/84 HPs)
             Began as a Centaur Hunter on Jan 20, 2018.
             Was a Believer of Nemelex Xobeh.
             Succumbed to Erica's bolt of poison
             ... on level 8 of the Dungeon.
             The game lasted 00:29:50 (14359 turns).

ryw the Archer (Centaur Hunter)                    Turns: 14359, Time: 00:29:53

Health: -1/84      AC:  8    Str: 16    XL:     10   Next: 22%
Magic:  13/13      EV:  9    Int: 10    God:    Nemelex Xobeh [**....]
Gold:   461        SH:  0    Dex: 12    Spells: 9/9 levels left

rFire    . . .     SeeInvis .   a - +3 spear (flame)
rCold    . . .     Gourm    .   (no shield)
rNeg     . . .     Faith    +   t - +0 scale mail {MR+}
rPois    +         Spirit   .   (no helmet)
rElec    .         Reflect  .   D - +0 cloak
rCorr    .         Harm     .   (no gloves)
MR       +....                  (no barding)
Stlth    ..........             A - amulet of faith
HPRegen  0.24/turn              T - ring of poison resistance
MPRegen  0.13/turn              (no ring)

@: lethally poisoned (-1 -> -19), slowed
A: large, hooves 3, deformed body, speed 2, tough skin 3
a: Renounce Religion


You were on level 8 of the Dungeon.
You worshipped Nemelex Xobeh.
Nemelex Xobeh was pleased with you.
You were not hungry.

You visited 2 branches of the dungeon, and saw 10 of its levels.

You collected 591 gold pieces.
You spent 130 gold pieces at shops.

Inventory:

Hand Weapons
 a - a +3 spear of flaming (weapon)
 b - a +1 shortbow
 w - a +1 halberd of chopping
 x - a +0 short sword
 C - a +3 whip
 L - a +1 long sword of slicing
 N - a +4 whip
 P - a +0 dire flail
Missiles
 d - 125 arrows
 q - 14 tomahawks (quivered)
Armour
 t - a +0 scale mail of magic resistance (worn)
 B - a +0 shield
 D - a +0 cloak (worn)
Jewellery
 A - an amulet of faith (around neck)
 T - a ring of poison resistance (left hand)
Wands
 c - a wand of paralysis (13)
 F - a wand of iceblast (14)
 J - a wand of random effects (30)
Scrolls
 e - 5 scrolls of remove curse
 i - 6 scrolls of teleportation
 k - 8 scrolls of identify
 m - 2 scrolls of amnesia
 o - a scroll of fog
 p - 3 scrolls of enchant weapon
 u - 3 scrolls of enchant armour {unknown}
 y - a scroll of random uselessness {unknown}
 E - a scroll of torment {unknown}
 I - a scroll of blinking {unknown}
Potions
 h - a potion of mutation {unknown}
 j - 3 potions of degeneration {unknown}
 l - 2 potions of might
 n - 2 potions of brilliance {unknown}
 r - a potion of berserk rage {unknown}
 s - 3 potions of curing
 z - a potion of haste {unknown}
 K - a potion of cancellation {unknown}
 M - a potion of resistance {unknown}
Books
 v - a book of Misfortune

   Spells                             Type                      Level
   a - Confusing Touch                Hexes                        1
   b - Confuse                        Hexes                        3
   c - Gell's Gravitas                Translocation                3
   d - Petrify                        Transmutation/Earth          4
   e - Metabolic Englaciation         Hexes/Ice                    5
   f - Yara's Violent Unravelling     Hexes/Transmutation          5
 H - a book of Flames

   Spells                             Type                      Level
   a - Flame Tongue                   Conjuration/Fire             1
   b - Throw Flame                    Conjuration/Fire             2
   c - Conjure Flame                  Conjuration/Fire             3
   d - Inner Flame                    Hexes/Fire                   3
   e - Sticky Flame                   Conjuration/Fire             4
   f - Fireball                       Conjuration/Fire             5
Miscellaneous
 G - a plain deck of summoning {drawn: 3}
 O - a legendary deck of summoning
 S - a plain deck of destruction {drawn: 1}
Comestibles
 f - 11 rations


   Skills:
 + Level 6.9 Fighting
 - Level 3.1 Polearms
 + Level 10.1 Bows
 * Level 6.0 Armour
 + Level 5.2 Dodging
 - Level 0.4 Stealth
 + Level 4.1 Invocations


You had 9 spell levels left.
You didn't know any spells.

Dungeon Overview and Level Annotations

Branches:
Dungeon (9/15)             Temple (1/1) D:5
   Lair: D:8-11         Orc: D:9-12

Altars:
Cheibriados
Dithmenos
Elyvilon
Gozag
Nemelex Xobeh
Qazlal
Sif Muna
Trog
Uskayaw
Wu Jian
Xom
Yredelemnul
Zin
Beogh

Shops:
D:4 [   D:7 }

Annotations:
D:9 Erica


Innate Abilities, Weirdness & Mutations

You have hooves in place of feet.
Armour fits poorly on your strangely shaped body.
You cover ground very quickly.
You have extremely tough skin. (AC +3)


Message History

You feel sick.
The orc shouts!
Something hits your quarterstaff of venom!
Your quarterstaff of venom is destroyed!
You feel sick.
There is a stone staircase leading up here.
You feel sick.
You hear some strange, mumbled words.
A bolt of poison appears from out of thin air!
The bolt of poison hits you!
You are lethally poisoned!
You resist.
* * * LOW HITPOINT WARNING * * *
You hear some strange, mumbled words.
A bolt of poison appears from out of thin air!
The bolt of poison hits you! You resist.
* * * LOW HITPOINT WARNING * * *
You climb upwards.
You die...
Your body disappears without a glow.

#.# #.# #.# #.#
#.# #.# #.# #.#
#.# #.# #.# #.#
#.# #.#
#.#####.####
#@.........#
##########.#
#.# #######.#
#.......#
#.......#
#.......#######
#..............
#.......#######


There were no monsters in sight!

Vanquished Creatures
  The ghost of arcanemastermind the Conjurer, a novice DEFE of Sif Muna (D:6)
  A troll (D:8)
  Grinder (D:4)
  3 yaks
  The ghost of quantumfuzzball the Skirmisher, an amateur FoAK of Lugonu (D:4)
  The ghost of aciddrop the Cudgeler, an amateur DsBe of Trog (D:3)
  A hungry ghost (D:7)
  Menkaure (D:5)
  2 sky beasts (D:6)
  3 orc warriors
  2 phantoms
  An ice beast (D:8)
  2 black bears
  7 ogres
  A centaur (D:7)
  A big kobold (D:8)
  A howler monkey (D:8)
  A crimson imp (D:8)
  A quasit (D:8)
  A centaur skeleton (D:3)
  A centaur zombie (D:8)
  A jelly (D:8)
  6 orc priests
  A gnoll shaman (D:5)
  A bullfrog skeleton (D:8)
  2 iguanas (D:4)
  8 orc wizards
  10 worker ants
  A worker ant zombie (D:8)
  8 gnolls
  5 adders
  3 shadow imps
  3 adder skeletons
  2 adder zombies
  6 worms
  2 dart slugs
  A leopard gecko (D:5)
  42 orcs
  13 bats
  7 giant cockroaches
  7 goblins
  3 hobgoblins
  4 jackals (D:2)
  5 quokkas
  A ball python (D:6)
  3 frilled lizards
  10 kobolds
  A leopard gecko skeleton (D:5)
  A quokka skeleton (D:6)
  6 rats
197 creatures vanquished.

Vanquished Creatures (collateral kills)
  A hippogriff (D:8)
  An ogre (D:8)
  A killer bee (D:8)
  A wight (D:8)
  A worker ant (D:8)
5 creatures vanquished.

Grand Total: 202 creatures vanquished

Notes
Turn   | Place    | Note
-------+----------+-------------------------------------------
     0 | D:1      | ryw the Centaur Hunter began the quest for the Orb.
     0 | D:1      | Reached XP level 1. HP: 17/17 MP: 1/1
   160 | D:1      | Reached XP level 2. HP: 24/24 MP: 2/2
  1210 | D:2      | Reached XP level 3. HP: 30/30 MP: 3/3
  1791 | D:2      | Reached skill level 6 in Bows
  1820 | D:2      | Reached XP level 4. HP: 30/37 MP: 4/4
  2133 | D:3      | Noticed aciddrop's ghost (amateur DsBe)
  3540 | D:3      | Reached skill level 1 in Armour
  3540 | D:3      | Reached XP level 5. HP: 26/45 MP: 5/5
  3722 | D:3      | Killed aciddrop's ghost
  3722 | D:3      | Reached XP level 6. HP: 49/52 MP: 6/6
  4086 | D:4      | Noticed quantumfuzzball's ghost (amateur FoAK)
  4319 | D:4      | Reached skill level 7 in Bows
  4421 | D:4      | Noticed Grinder
  4437 | D:4      | Paralysed by Grinder for 5 turns
  4463 | D:5      | Entered Level 5 of the Dungeon
  4893 | D:5      | Reached XP level 7. HP: 53/59 MP: 7/7
  6492 | D:4      | Found Cydeq's Antique Armour Shop.
  6495 | D:4      | Bought a cloak for 130 gold pieces
  6634 | D:4      | Reached skill level 1 in Polearms
  6685 | D:4      | Reached skill level 8 in Bows
  6685 | D:4      | Reached XP level 8. HP: 67/67 MP: 8/8
  6846 | D:4      | Reached skill level 5 in Fighting
  6860 | D:4      | Killed quantumfuzzball's ghost
  7020 | D:4      | Killed Grinder
  7300 | D:5      | Noticed Menkaure
  7395 | D:5      | Killed Menkaure
  7621 | D:5      | Found a staircase to the Ecumenical Temple.
  7628 | Temple   | Entered the Ecumenical Temple
  7686 | Temple   | Became a worshipper of Nemelex Xobeh the Trickster
  7835 | D:5      | Found a stormy altar of Qazlal.
  7869 | D:6      | Received a gift from Nemelex Xobeh
  8358 | D:6      | Noticed arcanemastermind's ghost (novice DEFE)
  8570 | D:6      | Reached skill level 1 in Invocations
  8577 | D:6      | Reached XP level 9. HP: 75/75 MP: 9/9
  8871 | D:6      | Reached skill level 9 in Bows
  9214 | D:6      | Reached * piety under Nemelex Xobeh
  9219 | D:6      | Received a gift from Nemelex Xobeh
  9749 | D:6      | Killed arcanemastermind's ghost
 10802 | D:7      | Found Min Meidil's Gadget Emporium.
 10806 | D:7      | Reached skill level 5 in Armour
 11567 | D:8      | Reached ** piety under Nemelex Xobeh
 11567 | D:8      | Received a gift from Nemelex Xobeh
 12136 | D:8      | Reached skill level 5 in Dodging
 12672 | D:8      | Found a roughly hewn altar of Beogh.
 12891 | D:8      | Reached XP level 10. HP: 76/84 MP: 12/12
 12905 | D:8      | Received a gift from Nemelex Xobeh
 13675 | D:8      | Reached skill level 10 in Bows
 14334 | D:9      | Noticed Erica
 14358 | D:9      | HP: 3/84 [something/bolt of poison (8)]
 14359 | D:8      | Succumbed to Erica's bolt of poison

Skill      XL: |  1  2  3  4  5  6  7  8  9 10 |
---------------+-------------------------------+-----
Dodging        | 2 3 4 5 |  5.2
Bows           | 6 7 8 9 10 | 10.1
Fighting       | 3 4 5 6 |  6.9
Armour         | 1 2 3 4 5 6 |  6.0
Polearms       | 1 2 3 |  3.1
Invocations    | 1 3 4 |  4.1
Stealth        | |  0.4

Action                   |  1- 3 |  4- 6 |  7- 9 | 10-12 || total
-------------------------+-------+-------+-------+-------++-------
Melee: Short sword       |   111 |    30 |       |       ||   141
       Kick              |    22 |     7 |    81 |    25 ||   135
       Spear             |       |    30 |   433 |    86 ||   549
 Fire: Shortbow          |    13 |   110 |    16 |    34 ||   173
Throw: Javelin           |       |    22 |    40 |     1 ||    63
       Tomahawk          |       |     5 |    13 |       ||    18
Evoke: Deck              |       |       |     6 |     2 ||     8
  Use: Scroll            |       |     3 |     3 |     2 ||     8
       Potion            |       |     1 |       |       ||     1
  Eat: Chunk             |     2 |     4 |    13 |     1 ||    20
       Ration            |       |     1 |     3 |     1 ||     5
Armor: Leather armour    |    64 |       |       |       ||    64
       Chain mail        |     8 |    38 |    37 |       ||    83
       Scale mail        |       |       |   138 |    32 ||   170
Dodge: Dodged            |    71 |    26 |   136 |    29 ||   262
